 Dungeon Crawl Stone Soup version 0.13-a0-2640-geebf78d (webtiles) character file.

180 Rak the Skirmisher (level 4, 0/34 HPs)
             Began as a Demonspawn Abyssal Knight on Aug 6, 2013.
             Was a Believer of Lugonu.
             Succumbed to an adder's poison
             ... on Level 2 of the Dungeon.
             The game lasted 00:17:13 (3664 turns).

Rak the Skirmisher (Demonspawn Abyssal Knight)      Turns: 3664, Time: 00:17:13

HP   0/34        AC  3     Str 13      XL: 4   Next: 63%
MP   5/5         EV 11     Int 14      God: Lugonu [**....]
Gold 68          SH  0     Dex 12      Spells:  0 memorised,  3 levels left

Res.Fire  : . . .   See Invis. : .   a - +2 hand axe {=f}
Res.Cold  : . . .   Warding    : .   b - +0 leather armour
Life Prot.: . . .   Conserve   : .   (no shield)
Res.Poison: .       Res.Corr.  : .   (no helmet)
Res.Elec. : .       Clarity    : .   (no cloak)
Sust.Abil.: . .     Spirit.Shd : .   (no gloves)
Res.Mut.  : .       Stasis     : .   (no boots)
Res.Rott. : .       Flight     : .   (no amulet)
Saprovore : . . .                    (no ring)
                                     (no ring)

@: mildly poisoned, slightly resistant to hostile enchantments, unstealthy
A: powered by death 2
a: Depart the Abyss, Bend Space, Renounce Religion


You were on level 2 of the Dungeon.
You worshipped Lugonu.
Lugonu was most pleased with you.
You were not hungry.

You visited 1 branch of the dungeon, and saw 3 of its levels.
You visited the Abyss 1 time.

You collected 48 gold pieces.

Inventory:

Hand weapons
 a - a +2,+2 hand axe (weapon) {=f}
 e - a +0,+0 dwarven hand axe (quivered)
 l - a +0,+0 spear
 w - a +0,+0 hand axe
 y - a +0,+0 hand axe
 F - a +0,+0 mace
Armour
 b - a +0 leather armour (worn)
 d - a +0 robe
 h - a +0 robe
 i - a +0 orcish ring mail
 q - a +0 leather armour
 z - a +0 leather armour
 B - a cursed +0 leather armour
Comestibles
 c - 3 bread rations
 D - a meat ration
Scrolls
 f - a scroll of blinking {unknown}
 g - 5 scrolls of identify {unknown}
 o - 2 scrolls of enchant armour {unknown}
 r - a scroll of fog {unknown}
 u - a scroll of noise {unknown}
Jewellery
 s - an uncursed amulet of resist mutation {unknown}
Potions
 j - a potion of resistance {unknown}
 k - 2 potions of speed {unknown}
 m - 2 potions of heal wounds {unknown}
 n - a potion of might {unknown}
 p - a potion of magic {unknown}
 t - a potion of porridge {unknown}
 C - a potion of invisibility {unknown}
 E - a potion of paralysis {unknown}


   Skills:
 + Level 3.6 Fighting
 + Level 2.3 Axes
 + Level 2.8 Armour
 + Level 2.1 Dodging
 + Level 0.6 Stealth
 + Level 2.5 Invocations


You had 3 spell levels left.
You didn't know any spells.

Dungeon Overview and Level Annotations

Branches:
Dungeon (3/27)

Altars:
Cheibriados


Innate Abilities, Weirdness & Mutations

You can steal the life force of defeated enemies.


Message History

The adder barely misses you. The adder bites you but does no damage.
The adder bites you.
* * * LOW HITPOINT WARNING * * *
The crimson imp throws a dagger.
The dagger misses you. The adder bites you.
* * * LOW HITPOINT WARNING * * *
You are poisoned.
The adder poisons you! The adder closely misses you.
The crimson imp blinks!
The adder misses you. The adder barely misses you. The adder bites you.
* * * LOW HITPOINT WARNING * * *
The adder bites you.
* * * LOW HITPOINT WARNING * * *
The adder bites you but does no damage.
The crimson imp sputters.
The adder closely misses you.
You die...

....# ####.### #.#.......#...
##### #......# #.#########...
#....#.# #.####### #... #....#.#
#.......# #... #....#5#
#.....#.###.#. ######.#
##.##.#.#.....
######S###.....#.#...#.
#######..............#.......
###...........@###.............
#..........###.####........##..
#._........................##..
#...........##.####.##.#.......
###...........#..............##..
#...........#.#######............
............#.........###........
............#.#####.....#..####..
......................#....####..


You could see a crimson imp and an adder.

Vanquished Creatures
  3 gnolls (D:2)
  3 adders (D:2)
  A worm (D:2)
  2 giant geckos
  5 bats
  A giant cockroach (D:1)
  13 goblins
  5 hobgoblins
  6 kobolds (D:1)
  An ooze (D:1)
  A giant newt (D:1)
  2 quokkas (D:2)
  6 rats
49 creatures vanquished.

Notes
Turn   | Place    | Note
--------------------------------------------------------------
     0 | Abyss:1  | Rak, the Demonspawn Abyssal Knight, began the quest for the Orb.
     0 | Abyss:1  | Reached XP level 1. HP: 16/16 MP: 1/1
    85 | Abyss:1  | Noticed a smoke demon
    88 | D:1      | Escaped the Abyss
   600 | D:1      | Gained mutation: You can steal the life force of nearby defeated enemies. [demonic ancestry]
   600 | D:1      | Reached XP level 2. HP: 17/22 MP: 2/2
   912 | D:1      | Acquired Lugonu's first power
  1020 | D:1      | Reached skill level 1 in Dodging
  1513 | D:2      | Gained mutation: You can steal the life force of defeated enemies. [demonic ancestry]
  1513 | D:2      | Reached XP level 3. HP: 19/28 MP: 4/4
  1878 | D:2      | HP: 1/28 [poisoned by an adder]
  1888 | D:2      | HP: 1/28 [poisoned by an adder]
  2206 | D:2      | Reached XP level 4. HP: 29/34 MP: 5/5
  2690 | D:2      | Found a snail-covered altar of Cheibriados.
  2899 | D:2      | Acquired Lugonu's second power
  3170 | D:3      | HP: 1/34 [crimson imp/quarterstaff (5)]
  3658 | D:2      | HP: 1/34 [adder (4)]
  3664 | D:2      | Succumbed to an adder's poison

Action                   |  1- 3 |  4- 6 || total
-------------------------+-------+-------++-------
Melee: Hand axe          |    95 |   106 ||   201
Invok: Depart the Abyss  |     1 |       ||     1
